 Dungeon Crawl Stone Soup version 0.18-a0-5-gf1fb587 (webtiles) character file.

12107 Ijustatesigmund the Slinger (level 12, 0/112 HPs)
             Began as a Halfling Assassin on Oct 31, 2015.
             Was an Elder of Okawaru.
             Succumbed to a black mamba's poison
             ... on level 1 of the Lair of Beasts on Nov 1, 2015.
             The game lasted 01:21:22 (14835 turns).

Ijustatesigmund the Slinger (Halfling Assassin)    Turns: 14835, Time: 01:21:23

Health: 0/112      AC: 23    Str: 16    XL:     12   Next: 16%
Magic:  27/27      EV: 19    Int: 14    God:    Okawaru [****..]
Gold:   60         SH:  0    Dex: 20    Spells: 1 memorised, 10 levels left

rFire  . . .     SeeInvis .     L - +1 short sword (protect)
rCold  + . .     Clarity  +     r - +3 ring mail of Charity {+Fly MP+9 Int+3}
rNeg   . . .     SustAt   .     (shield restricted)
rPois  .         Gourm    .     u - +1 helmet
rElec  .         Spirit   .     d - +1 cloak
rCorr  .         Warding  .     Y - +0 pair of gloves
rMut   .         Stasis   .     p - +2 pair of boots
MR     +....                    G - amulet of clarity
Stlth  ..........               V - ring of protection from magic
                                m - ring of protection from cold

@: berserking, lethally poisoned (0 -> -31), very quick, somewhat resistant to
hostile enchantments, extremely unstealthy
A: mutation resistance 1
a: Heroism, Renounce Religion, Evoke Flight


You were on level 1 of the Lair of Beasts.
You worshipped Okawaru.
Okawaru was greatly pleased with you.
You were not hungry.

You visited 3 branches of the dungeon, and saw 13 of its levels.

You collected 810 gold pieces.
You spent 750 gold pieces at shops.

Inventory:

Hand Weapons
 a - a +3 dagger
 b - a +1 blowgun
 j - a +3 hunting sling
 L - a +1 short sword of protection (weapon)
 P - a +0 short sword of electrocution
Missiles
 e - 39 poisoned needles
 q - 3 needles of sleeping
 y - 272 stones (quivered)
 I - a curare-tipped needle
 M - 20 sling bullets
 Q - 6 sling bullets of frost
Armour
 d - a +1 cloak (worn)
 p - a +2 pair of boots (worn)
 r - the +3 ring mail of Charity (worn) {+Fly MP+9 Int+3}
   (You found it on level 4 of the Dungeon)

   It affects your intelligence (+3).
   It affects your magic capacity (+9).
   It lets you fly.
 u - a +1 helmet (worn)
 Y - a +0 pair of gloves (worn)
Magical Staves
 E - an uncursed staff of earth {unknown}
Jewellery
 h - an uncursed ring of fire
 m - a ring of protection from cold (left hand)
 x - an uncursed ring of positive energy
 G - an amulet of clarity (around neck)
 V - a ring of protection from magic (right hand)
Wands
 l - a wand of digging (23)
 n - a wand of magic darts (24)
 H - a wand of random effects (26)
 W - a wand of polymorph (11)
 X - a wand of paralysis (10)
Scrolls
 t - 4 scrolls of remove curse
 B - 3 scrolls of magic mapping
 R - 2 scrolls of identify
 T - a scroll of blinking
Potions
 c - a potion of agility
 f - 2 potions of brilliance
 v - 3 potions of mutation
 w - 2 potions of cure mutation
 D - 2 potions of haste
 F - a potion of resistance
 N - a potion of flight
Books
 U - a book of Cantrips

   Spells                             Type                      Level
   a - Corona                         Hexes                        1
   b - Animate Skeleton               Necromancy                   1
   c - Summon Small Mammal            Summoning                    1
   d - Apportation                    Translocation                1
Comestibles
 g - 4 bread rations
 i - 6 chunks of flesh
 C - 2 meat rations
 O - 2 beef jerkies


   Skills:
 + Level 4.7 Fighting
 - Level 10.1 Short Blades
 - Level 11.6(11.7) Slings
 - Level 2.1(6.1) Throwing
 * Level 6.7 Armour
 * Level 7.3 Dodging
 - Level 10.0 Stealth
 + Level 8.4 Invocations


You had 10 spell levels left.
You knew the following spells:

 Your Spells              Type           Power        Failure   Level  Hunger
a - Apportation           Tloc           #.........   52%         1    ##.....


Dungeon Overview and Level Annotations

Branches:
Dungeon (11/15)            Temple (1/1) D:5            Lair (1/8) D:10
    Orc (0/4) D:9

Altars:
Ashenzari
Cheibriados
Dithmenos
Elyvilon
Fedhas
Gozag
Kikubaaqudgha
Makhleb
Nemelex Xobeh
Okawaru
Qazlal
Ru
Sif Muna
Trog
Vehumet
Xom
Yredelemnul
Zin
The Shining One

Shops:
D:6 ?   D:8 *

Annotations:
D:6 PeterLawrence's ghost, novice GrFi


Innate Abilities, Weirdness & Mutations

You are small and have problems with some larger weapons.
You are somewhat resistant to further mutation.


Message History

The black mamba bites you but does no damage.
You closely miss the black mamba.
The black mamba is moderately wounded.
* * * LOW HITPOINT WARNING * * *
You feel sick.
You closely miss the black mamba.
The black mamba is moderately wounded.
* * * LOW HITPOINT WARNING * * *
You feel sick. The black mamba closely misses you.
You hit the black mamba.
The black mamba is moderately wounded.
* * * LOW HITPOINT WARNING * * *
You feel sick. The black mamba barely misses you.
You barely miss the black mamba.
The black mamba is moderately wounded.
* * * LOW HITPOINT WARNING * * *
You feel sick.
You puncture the black mamba!
The black mamba is heavily wounded.
You die...

#.............
##.............
#..........###.
#.........####
##........#.# # (
##.........### ...
####..#......##
.....#.#..####.####
#..(S@#.# ###
#.#...### ##..#
#..# ##.# #.. ...
...


You could see a black mamba.

Vanquished Creatures
  Gastronok (D:9)
  Pikel (D:4)
  Edmund (D:5)
  An ugly thing (D:11)
  A centaur zombie (D:10)
  2 spiny frogs (Lair:1)
  A troll (D:9)
  Grinder (D:5)
  A wyvern (D:8)
  A deep elf mage (D:10)
  6 yaks
  A hippogriff (Lair:1)
  4 vampire mosquitoes (D:9)
  Eustachio (D:4)
  A wraith (D:10)
  2 water moccasins
  2 ice beasts
  3 phantoms
  2 sky beasts
  A necrophage (D:6)
  An eye of draining (D:8)
  5 orc warriors
  7 ogres
  7 centaurs
  2 big kobolds
  A water moccasin zombie (D:10)
  6 giant frogs
  A gnoll sergeant (D:9)
  3 scorpions
  8 killer bees
  5 wights (D:7)
  6 hounds
  3 crimson imps
  9 orc priests
  Crazy Yiuf (D:5)
  9 iguanas
  2 jellies
  2 centaur skeletons
  7 orc wizards
  A quasit (D:9)
  8 worker ants
  2 hound zombies
  4 hound skeletons
  Robin (D:2)
  11 gnolls
  19 adders
  A shadow imp (D:9)
  An ooze (D:1)
  2 adder skeletons
  3 worms
  3 giant geckos
  62 orcs
  13 giant cockroaches
  8 hobgoblins
  8 jackals
  2 quokkas
  2 ball pythons
  7 bats
  8 giant newts
  13 goblins
  23 kobolds
  9 rats
  2 plants
332 creatures vanquished.

Vanquished Creatures (others)
  4 slaves (D:5)
  Blork the orc (D:5)
  A scorpion (D:5)
  A giant newt (D:5)
  5 fungi (Lair:1)
12 creatures vanquished.

Grand Total: 344 creatures vanquished

Notes
Turn   | Place    | Note
--------------------------------------------------------------
     0 | D:1      | Ijustatesigmund the Halfling Assassin began the quest for the Orb.
     0 | D:1      | Reached XP level 1. HP: 14/14 MP: 1/1
    63 | D:3      | Noticed Robin
    75 | D:2      | Reached XP level 2. HP: 12/19 MP: 2/2
    78 | D:2      | Reached skill level 5 in Stealth
   569 | D:1      | Reached XP level 3. HP: 24/24 MP: 3/3
  1039 | D:2      | Reached XP level 4. HP: 29/29 MP: 4/4
  1046 | D:2      | Reached skill level 1 in Slings
  1225 | D:2      | Reached skill level 6 in Stealth
  1721 | D:2      | Reached XP level 5. HP: 34/34 MP: 5/5
  2059 | D:2      | Killed Robin
  3278 | D:4      | Reached XP level 6. HP: 29/39 MP: 6/6
  3433 | D:4      | Reached skill level 7 in Stealth
  3652 | D:4      | Noticed Eustachio
  4017 | D:4      | Got a translucent ring mail
  4032 | D:4      | Identified the +3 ring mail of Charity {+Fly MP+9 Int+3} (You found it on level 4 of the Dungeon)
  4115 | D:5      | Entered Level 5 of the Dungeon
  4164 | D:4      | Reached skill level 1 in Armour
  4164 | D:4      | Reached XP level 7. HP: 35/45 MP: 7/7
  4356 | D:5      | Noticed a slave
  4375 | D:5      | Noticed Pikel
  4375 | D:5      | Noticed a slave
  4375 | D:5      | Noticed a slave
  4375 | D:5      | Noticed a slave
  4435 | D:4      | Reached skill level 5 in Slings
  4469 | D:4      | Noticed a phantom
  4671 | D:4      | Killed a phantom
  4935 | D:4      | Reached XP level 8. HP: 50/52 MP: 8/8
  5142 | D:4      | Killed Eustachio
  5142 | D:4      | Reached skill level 8 in Stealth
  5467 | D:4      | Killed Pikel
  5467 | D:4      | Reached skill level 9 in Stealth
  5547 | D:5      | Noticed a sky beast
  5577 | D:5      | Killed a sky beast
  5577 | D:5      | Reached XP level 9. HP: 26/56 MP: 9/9
  5581 | D:5      | Killed Blork the orc
  5589 | D:5      | Killed a freed slave
  5599 | D:5      | Killed a freed slave
  5746 | D:5      | Killed a freed slave
  5877 | D:5      | Noticed Crazy Yiuf
  5878 | D:5      | Killed Crazy Yiuf
  5930 | D:5      | Killed a freed slave
  5964 | D:5      | Found a blossoming altar of Fedhas.
  6005 | D:5      | Found a staircase to the Ecumenical Temple.
  6013 | Temple   | Entered the Ecumenical Temple
  6076 | Temple   | Became a worshipper of Warmaster Okawaru
  6337 | D:5      | Noticed Grinder
  6358 | D:6      | Noticed PeterLawrence's ghost (novice GrFi)
  6392 | D:5      | Paralysed by Grinder for 6 turns
  6404 | D:5      | Paralysed by Grinder for 2 turns
  6419 | D:5      | Paralysed by Grinder for 2 turns
  6424 | D:5      | Killed Grinder
  6424 | D:5      | Reached skill level 5 in Short Blades
  6609 | D:5      | Noticed Edmund
  6655 | D:5      | Killed Edmund
  6655 | D:5      | Reached * piety under Okawaru
  6655 | D:5      | Reached skill level 5 in Dodging
  6778 | D:6      | Reached skill level 1 in Invocations
  7140 | D:6      | Reached XP level 10. HP: 61/63 MP: 13/13
  7259 | D:6      | Found Sehiviq's Magic Scroll Emporium.
  7267 | D:6      | Bought a scroll of identify for 24 gold pieces
  7267 | D:6      | Bought a scroll of identify for 24 gold pieces
  7267 | D:6      | Bought a scroll of teleportation for 36 gold pieces
  7267 | D:6      | Bought a scroll of enchant weapon for 90 gold pieces
  7267 | D:6      | Bought a scroll of identify for 24 gold pieces
  7267 | D:6      | Bought a scroll of enchant armour for 90 gold pieces
  7375 | D:6      | Found a shimmering altar of Xom.
  7375 | D:6      | Found a burning altar of Makhleb.
  7831 | D:6      | Reached skill level 5 in Invocations
  8449 | D:7      | Reached skill level 5 in Armour
  8762 | D:7      | Found a snail-covered altar of Cheibriados.
  8860 | D:7      | Found a bloodstained altar of Trog.
  9381 | D:8      | Found Qigodeig's Assorted Antiques.
  9393 | D:8      | Bought a scroll of teleportation for 75 gold pieces
  9393 | D:8      | Bought a scroll of identify for 50 gold pieces
 10363 | D:9      | Noticed Gastronok
 10421 | D:9      | Reached skill level 10 in Stealth
 10465 | D:9      | Killed Gastronok
 10465 | D:9      | Reached ** piety under Okawaru
 10465 | D:9      | Reached skill level 10 in Slings
 10465 | D:9      | Reached XP level 11. HP: 69/69 MP: 15/15
 10653 | D:9      | Found a staircase to the Orcish Mines.
 11106 | D:9      | Reached skill level 11 in Slings
 11525 | D:9      | Reached skill level 10 in Short Blades
 11530 | D:9      | Reached *** piety under Okawaru
 11764 | D:9      | Found a shadowy altar of Dithmenos.
 11764 | D:9      | Found a sacrificial altar of Ru.
 12060 | D:10     | Entered Level 10 of the Dungeon
 12068 | D:10     | Learned a level 1 spell: Apportation
 12439 | D:10     | Found a staircase to the Lair.
 13155 | D:8      | Bought a scroll of identify for 50 gold pieces
 13155 | D:8      | Bought a scroll of blinking for 187 gold pieces
 13155 | D:8      | Bought a tapered fluorescent wand for 100 gold pieces
 13260 | D:11     | Noticed a brown ugly thing
 13268 | D:11     | Killed a brown ugly thing
 13349 | D:11     | Noticed a seven-headed hydra
 13682 | Lair:1   | Entered Level 1 of the Lair of Beasts
 13683 | Lair:1   | Received a gift from Okawaru
 13683 | Lair:1   | Reached XP level 12. HP: 75/75 MP: 18/18
 14504 | Lair:1   | Reached **** piety under Okawaru
 14831 | Lair:1   | HP: 5/112 [poisoned by a black mamba]
 14833 | Lair:1   | HP: 2/112 [poisoned by a black mamba]
 14835 | Lair:1   | Succumbed to a black mamba's poison

Vault maps used:
D:1:      dpeg_arrival_simpleton_b
D:2:      minmay_strange_pillars, minmay_stone_trees_medium,
          kennysheep_generic_room_12
D:3:      first_bread, uniq_robin
D:4:      uniq_eustachio
D:5:      minmay_temple_entry_purple_smoke, minivault_26, minmay_crystal_room,
          fedhas_altar_3, uniq_blork_the_orc, uniq_crazy_yiuf_cottage,
          uniq_pikel, uniq_edmund, uniq_grinder
D:6:      grunt_temple_overflow_champion_of_chaos, serial_shops, shop
D:7:      kennysheep_mini, kennysheep_little_box
D:8:      serial_shops, shop
D:9:      gammafunk_temple_overflow_elements, hiddenorc2_lemuel, uniq_gastronok
D:10:     dpeg_oklobed_lair
D:11:     uniq_maud
Temple:   nicolae_temple_x_marks_the_god

Action                   |  1- 3 |  4- 6 |  7- 9 | 10-12 || total
-------------------------+-------+-------+-------+-------++-------
Melee: Dagger            |    75 |   239 |   231 |   568 ||  1113
       Short sword       |       |       |       |   544 ||   544
 Fire: Hunting sling     |       |    65 |    81 |   402 ||   548
       Blowgun           |       |       |    48 |     5 ||    53
Invok: Heroism           |       |       |     4 |    22 ||    26
Evoke: Wand              |       |       |       |     5 ||     5
  Use: Scroll            |     6 |     9 |     3 |    22 ||    40
       Potion            |       |     2 |     2 |     4 ||     8
 Stab: Sleeping          |    13 |    13 |    13 |    20 ||    59
       Distracted        |       |       |       |     2 ||     2
  Eat: Chunk             |       |    10 |     7 |    15 ||    32
       Pizza             |       |       |     1 |       ||     1
       Beef jerky        |       |       |     1 |     1 ||     2
       Fruit             |       |       |       |     9 ||     9
       Royal jelly       |       |       |       |     1 ||     1
